 Dungeon Sprint DCSS version 0.21.1-1-g345015f (webtiles) character file.

523202 equalderp2856 the Minotaur Barricade (level 21, -3/217 (224) HPs)
             Began as a Minotaur Fighter on May 21, 2018.
             Slain by Antaeus (65 damage)
             ... in the Dungeon (Sprint IX: "|||||||||||||||||||||||||||||").
             The game lasted 00:59:10 (18803 turns).

equalderp2856 the Minotaur Barricade (MiFi)        Turns: 18803, Time: 00:59:12

HP:   -3/217 (224)  AC: 39    Str: 34    XL:     21   Next: 51%
MP:   45/45         EV: 29    Int: 12    God:
Gold: 931           SH: 32    Dex: 14    Spells: 45/63 levels left

rFire    . . .     SeeInvis +   U - +9 double sword
rCold    . . .     Gourm    .   V - +3 large shield
rNeg     . . .     Faith    .   M - +2 plate armour {MR+}
rPois    .         Spirit   .   J - +3 crown of Dyrovepreva {rElec Int+2 SInv}
rElec    +         Reflect  .   D - +2 cloak {MR+}
rCorr    .         Harm     .   B - +2 pair of gloves
MR       +++..     NoTele   +   I - +2 pair of boots {run}
Stlth    +++.......             F - amulet of regeneration
HPRegen  0.86/turn              O - +4 ring of evasion
MPRegen  0.29/turn              L - ring "Zued" {Str+6 Dex+3}

@: mighty, frozen, slow
A: retaliatory headbutt, horns 2, clumsy 1, screaming 1
}: 9/15 runes: decaying, serpentine, barnacled, slimy, elven, silver, golden,
abyssal, gossamer
a: no special abilities


You were in the Dungeon.
You were very hungry.

You visited 1 branch You collected 1986 gold pieces.
You spent 1055 gold pieces at shops.

Inventory:

Hand Weapons
 p - a +2 scimitar of holy wrath
 s - a +2 demon blade of pain
 t - a +2 demon trident of freezing
 C - the +5 great sword of Lumnas {freeze, rC+}
   (You found it in the Dungeon)

   It has been specially enchanted to freeze those struck by it, causing extra
   injury to most foes and up to half again as much damage against particularly
   susceptible opponents.
   It can also slow down cold-blooded creatures.
   It protects you from cold.
 G - a +3 hand crossbow of flaming
 P - a +2 double sword of draining
 U - a +9 double sword (weapon)
Missiles
 H - 286 bolts
Armour
 b - a +6 plate armour
 z - a +2 shield of reflection
 B - a +2 pair of gloves (worn)
 D - a +2 cloak of magic resistance (worn)
 I - a +2 pair of boots of running (worn)
 J - the +3 crown of Dyrovepreva (worn) {rElec Int+2 SInv}
   (You found it in the Dungeon)

   It affects your intelligence (+2).
   It insulates you from electricity.
   It lets you see invisible.
 M - a +2 plate armour of magic resistance (worn)
 N - +0 storm dragon scales
 V - a +3 large shield (worn)
 X - +3 fire dragon scales
Jewellery
 d - the ring "Hacudwax" {+Fly rPois rF- rN+ MR+ Stlth+}
   (You found it in the Dungeon)

   [ring of stealth]

   It makes you vulnerable to fire.
   It protects you from poison.
   It protects you from negative energy.
   It affects your resistance to hostile enchantments.
   It lets you fly.
   It makes you more stealthy.
 q - a +3 ring of intelligence
 r - the amulet of the Republic {+Rage Str+3}
   (You found it in the Dungeon)

   [amulet of rage]

   It affects your strength (+3).
   It lets you go berserk.
 F - an amulet of regeneration (around neck)
 L - the ring "Zued" (right hand) {Str+6 Dex+3}
   (You found it in the Dungeon)

   [ring of dexterity]

   It affects your strength (+6).
   It affects your dexterity (+3).
 O - a +4 ring of evasion (left hand)
 Q - an uncursed ring of poison resistance
 R - an uncursed ring of fire
 S - a +4 ring of evasion
 T - a +6 ring of dexterity
Wands
 o - a wand of acid (3)
 u - a wand of polymorph (7)
Scrolls
 a - 2 scrolls of fear
 m - 6 scrolls of remove curse
 n - 3 scrolls of amnesia
 x - 5 scrolls of enchant weapon
 y - 6 scrolls of identify
 A - 2 scrolls of fog
 K - 2 scrolls of enchant armour
Potions
 c - a potion of flight
 e - 6 potions of curing
 g - 9 potions of heal wounds
 h - 4 potions of haste
 i - 4 potions of magic
 j - 3 potions of berserk rage
 l - a potion of invisibility
 w - 2 potions of mutation
 Y - 5 potions of brilliance
 Z - 2 potions of agility
Miscellaneous
 v - the horn of Geryon
 E - a lightning rod (4/4)
Comestibles
 f - 5 rations


   Skills:
 O Level 27 Fighting
 O Level 27 Long Blades
 + Level 0.6 Polearms
 + Level 0.5 Crossbows
 + Level 0.4 Throwing
 O Level 27 Armour
 O Level 27 Dodging
 * Level 20.1 Stealth
 O Level 27 Shields
 + Level 0.2 Unarmed Combat
 + Level 21.8 Spellcasting
 + Level 22.3 Conjurations
 + Level 6.3 Hexes
 * Level 17.5 Translocations
 O Level 27 Evocations


You had 45 spell levels left.
You knew the following spells:

 Your Spells              Type           Power        Failure   Level  Hunger
a - Magic Dart            Conj           ####         0%          1    None
b - Searing Ray           Conj           ######       0%          2    None
c - Dazzling Spray        Conj/Hex       #####.       1%          3    None
d - Force Lance           Conj/Tloc      ######..     1%          4    None
e - Fulminant Prism       Conj/Hex       #####.....   1%          4    None
f - Iskenderun's Mystic   Conj           ######..     0%          4    None


Dungeon Overview and Level Annotations

Branches:
Dungeon (1/1)

Altars:
Cheibriados
Dithmenos
Elyvilon
Fedhas
Gozag
Hepliaklqana
Kikubaaqudgha
Makhleb
Nemelex Xobeh
Okawaru
Qazlal
Ru
Sif Muna
Trog
Uskayaw
Vehumet
Wu Jian
Xom
Yredelemnul
Zin
The Shining One
Beogh
Jiyva
Lugonu

Shops:
D =[}(

Annotations:
D Antaeus, Ereshkigal


Innate Abilities, Weirdness & Mutations

You reflexively headbutt those who attack you in melee.
You have a pair of horns on your head.
You are clumsy. (Dex -2)
You occasionally shout uncontrollably at your foes.


Message History

Antaeus is heavily wounded.
The ice encasing you melts away.
You slash Antaeus!
Antaeus is heavily wounded.
Antaeus gestures at you. The bolt of lightning misses you.
You open Antaeus like a pillowcase!!!
Antaeus is severely wounded.
Antaeus gestures at you. The flash freeze hits you!
* * * LOW HITPOINT WARNING * * *
You are encased in ice.
You hit Antaeus but do no damage. You headbutt Antaeus, but do no damage.
Antaeus is severely wounded.
You slash Antaeus! You headbutt Antaeus!
Antaeus is severely wounded.
You block Antaeus's attack. Antaeus hits you.
* * * LOW HITPOINT WARNING * * *
Antaeus freezes you!!!
You die...

▓.▓.▓.▓.♣)♣.▓.▓.▓)▓.
▓.▓.▓.▓.♣.♣.▓.▓.▓)▓.
▓.▓.▓'▓.♣.♣.▓.▓.▓.▓.
▓.▓&▓.▓.♣.♣.▓[▓.▓.▓.
▓.▓.▓.▓.♣.♣.▓'▓.▓.▓.
▓.▓.▓.▓.♣.♣.▓.▓.▓.▓.
▓.▓.▓.▓.♣)♣.▓)▓.▓.▓.
▓.▓C▓.▓.♣.♣.▓.▓.▓.▓.
▓.▓@▓.▓.♣.♣.▓.▓.▓.▓.
▓.▓.▓.▓.♣.♣.▓.▓.▓)▓.
▓§▓.▓.▓.♣.♣.▓.▓.▓'▓.
▓.▓.▓.▓.▓'▓.▓.▓.▓[▓.
▓&▓.▓.▓.▓)▓.▓.▓.▓)▓.
▓.▓.▓'▓.▓)▓.▓'▓.▓.▓.
▓.▓.▓.▓.▓)▓.▓.▓.▓.▓.
▓1▓.▓.▓.▓(▓.▓'▓.▓.▓.
▓1▓.▓.▓.▓)▓.▓.▓.▓.▓.


You could see Antaeus and Ereshkigal.

Vanquished Creatures
  the Royal Jelly (D)
  3 orbs of fire (D)
  Mara (D)
  4 ancient liches (D)
  4 greater mummies (D)
  Sojobo (D)
  Boris (D)
  Margery (D)
  Frederick (D)
  Xtahua (D)
  Geryon (D)
  3 golden dragons (D)
  Nikola (D)
  Jory (D)
  2 tentacled monstrosities (D)
  3 liches (D)
  2 electric golems (D)
  29 Orb Guardians (D)
  A deep elf master archer (D)
  9 acid blobs (D)
  A titan (D)
  2 quicksilver dragons (D)
  A deep elf blademaster (D)
  12 sphinxes (D)
  2 tengu reavers (D)
  7 shadow dragons (D)
  3 storm dragons (D)
  Donald (D)
  9 azure jellies (D)
  Ilsuiw (D)
  3 frost giants (D)
  7 nagarajas (D)
  5 vault wardens (D)
  5 draconian scorchers (D)
  5 fire giants (D)
  5 ghost moths (D)
  Aizul (D)
  A draconian shifter (D)
  A deep elf elementalist (D)
  Louise (D)
  A very ugly thing (D)
  3 emperor scorpions (D)
  2 draconian annihilators (D)
  2 ironheart preservers (D)
  An entropy weaver (D)
  3 stone giants (D)
  6 vampire knights (D)
  3 green draconians (D)
  3 black draconians (D)
  6 deep elf annihilators (D)
  5 white draconians (D)
  4 red draconians (D)
  3 deep elf demonologists (D)
  6 purple draconians (D)
  A deep elf death mage (D)
  2 merfolk javelineers (D)
  A yellow draconian (D)
  8 death oozes (D)
  5 mummy priests (D)
  2 fire dragons (D)
  2 yaktaur captains (D)
  5 merfolk impalers (D)
  25 vault guards (D)
  Erolcha (D)
  2 deep elf high priests (D)
  4 ice dragons (D)
  2 great orbs of eyes (D)
  A naga warrior (D)
  5 hydras (D)
  A catoblepas (D)
  A spriggan air mage (D)
  An alligator (D)
  4 centaur warriors (D)
  5 merfolk aquamancers (D)
  3 deep troll shamans (D)
  7 ogre magi (D)
  2 vampire magi (D)
  A thrashing horror (D)
  A shock serpent (D)
  2 deep troll earth magi (D)
  Sonja (D)
  Urug (D)
  2 hell knights (D)
  A skeletal warrior (D)
  2 small abominations (D)
  A shadow wraith (D)
  2 sea snakes (D)
  A salamander mystic (D)
  A flayed ghost (D)
  7 deep trolls (D)
  A spriggan druid (D)
  A glowing orange brain (D)
  7 swamp dragons (D)
  3 necromancers (D)
  2 orc knights (D)
  2 ironbrand convokers (D)
  An orb spider (D)
  5 wolf spiders (D)
  A mana viper (D)
  13 moths of wrath (D)
  A manticore (D)
  2 guardian serpents (D)
  An elephant (D)
  5 vault sentinels (D)
  A merfolk siren (D)
  A water nymph (D)
  6 black mambas (D)
  A spiny frog (D)
  2 smoke demons (D)
  A naga mage (D)
  9 yaktaurs (D)
  2 komodo dragons (D)
  4 freezing wraiths (D)
  19 guardian mummies (D)
  3 demonic crawlers (D)
  5 jumping spiders (D)
  3 merfolk (D)
  An ancient zyme (D)
  A wandering mushroom (D)
  A wind drake (D)
  3 trolls (D)
  A hornet (D)
  A bog body (D)
  A hippogriff (D)
  3 slime creatures (D)
  2 blink frogs (D)
  11 spriggans (D)
  A wraith (D)
  A tarantella (D)
  2 ynoxinuls (D)
  2 redbacks (D)
  2 hogs (D)
  2 yaks (D)
  Grum (D)
  2 golden eyes (D)
  A vampire mosquito (D)
  3 wargs (D)
  A chaos spawn (D)
  2 nagas (D)
  An acid dragon (D)
  A hell hound (D)
  2 porcupines (D)
  5 swamp drakes (D)
  9 orc warriors (D)
  An ice beast (D)
  A necrophage (D)
  8 wolves (D)
  A centaur (D)
  2 crocodiles (D)
  4 bullfrogs (D)
  2 scorpions (D)
  A killer bee (D)
  7 orc priests (D)
  A jelly (D)
  A hound (D)
  3 orc wizards (D)
  A worker ant (D)
  An adder (D)
  An adder zombie (D)
  An adder skeleton (D)
  9 orcs (D)
  A bat (D)
  2 bat skeletons (D)
  A goblin (D)
  2 hobgoblins (D)
  A kobold (D)
  A ball python zombie (D)
  A giant cockroach zombie (D)
  A leopard gecko zombie (D)
  A quokka skeleton (D)
525 creatures vanquished.

Vanquished Creatures (collateral kills)
  An ancient lich (D)
  A lich (D)
  A death ooze (D)
3 creatures vanquished.

Vanquished Creatures (others)
  Kirke (D)
  9 fulminant prisms (D)
10 creatures vanquished.

Grand Total: 538 creatures vanquished

Notes
Turn   | Place    | Note
-------+----------+-------------------------------------------
     0 | D        | equalderp2856 the Minotaur Fighter began the quest for the Orb.
     0 | D        | Reached XP level 1. HP: 19/19 MP: 0/0
    21 | D        | Noticed a necrophage
    21 | D        | Noticed an orc priest
    25 | D        | Killed a necrophage
    25 | D        | Reached XP level 2. HP: 11/31 MP: 1/1
    25 | D        | Reached XP level 3. HP: 13/38 MP: 2/2
    25 | D        | Reached XP level 4. HP: 16/45 MP: 3/3
    34 | D        | Reached skill level 5 in Long Blades
   276 | D        | Found a roughly hewn altar of Beogh.
   276 | D        | Found a snail-covered altar of Cheibriados.
   276 | D        | Found a shadowy altar of Dithmenos.
   276 | D        | Found a white marble altar of Elyvilon.
   276 | D        | Found a blossoming altar of Fedhas.
   276 | D        | Found an opulent altar of Gozag.
   277 | D        | Found a hazy altar of Hepliaklqana.
   278 | D        | Found a viscous altar of Jiyva.
   279 | D        | Found an ancient bone altar of Kikubaaqudgha.
   280 | D        | Found a corrupted altar of Lugonu.
   281 | D        | Found a burning altar of Makhleb.
   282 | D        | Found a sparkling altar of Nemelex Xobeh.
   283 | D        | Found an iron altar of Okawaru.
   284 | D        | Found a stormy altar of Qazlal.
   285 | D        | Found a sacrificial altar of Ru.
   286 | D        | Found a deep blue altar of Sif Muna.
   287 | D        | Found a bloodstained altar of Trog.
   288 | D        | Found a hide-covered altar of Uskayaw.
   289 | D        | Found a radiant altar of Vehumet.
   290 | D        | Found an ornate altar of the Wu Jian Council.
   291 | D        | Found a shimmering altar of Xom.
   292 | D        | Found a basalt altar of Yredelemnul.
   293 | D        | Found a glowing silver altar of Zin.
   294 | D        | Found a glowing golden altar of the Shining One.
   363 | D        | Reached XP level 5. HP: 40/53 MP: 4/4
   379 | D        | Reached XP level 6. HP: 34/62 MP: 5/5
   519 | D        | Noticed an ice beast
   526 | D        | Reached skill level 1 in Dodging
   538 | D        | Reached skill level 10 in Armour
   543 | D        | Killed an ice beast
   543 | D        | Reached skill level 10 in Shields
   543 | D        | Reached XP level 7. HP: 61/70 MP: 6/6
   705 | D        | Noticed a komodo dragon
   705 | D        | Noticed a blink frog
   709 | D        | Noticed a hippogriff
   710 | D        | Noticed a blink frog
   710 | D        | Reached skill level 10 in Fighting
   719 | D        | Killed a komodo dragon
   719 | D        | Reached skill level 10 in Long Blades
   719 | D        | Reached XP level 8. HP: 23/80 MP: 7/7
   729 | D        | Reached skill level 1 in Stealth
   742 | D        | Killed a hippogriff
   746 | D        | Killed a blink frog
   748 | D        | Killed a blink frog
  1054 | D        | Noticed an elephant
  1054 | D        | Noticed a catoblepas
  1054 | D        | Noticed a spiny frog
  1119 | D        | Killed an elephant
  1119 | D        | Reached XP level 9. HP: 79/90 MP: 8/8
  1126 | D        | Killed a catoblepas
  1126 | D        | Reached skill level 5 in Dodging
  1133 | D        | Killed a spiny frog
  1145 | D        | Noticed a komodo dragon
  1154 | D        | Killed a komodo dragon
  1154 | D        | Reached skill level 1 in Evocations
  1242 | D        | Reached XP level 10. HP: 89/100 MP: 9/9
  1258 | D        | Reached skill level 5 in Stealth
  1259 | D        | Reached skill level 15 in Long Blades
  1524 | D        | Noticed Grum
  1533 | D        | Killed Grum
  2109 | D        | Found Egoc's Jewellery Emporium.
  2109 | D        | Noticed an ogre mage
  2109 | D        | Noticed a deep troll
  2109 | D        | Noticed a deep troll
  2109 | D        | Noticed an ogre mage
  2109 | D        | Noticed an ogre mage
  2110 | D        | Noticed a deep troll
  2388 | D        | Killed an ogre mage
  2437 | D        | Killed a deep troll
  2677 | D        | Killed a deep troll
  2939 | D        | Killed an ogre mage
  2939 | D        | Reached skill level 15 in Fighting
  2939 | D        | Reached XP level 11. HP: 108/112 MP: 11/11
  2945 | D        | Killed an ogre mage
  2947 | D        | Noticed an ogre mage
  2962 | D        | Killed a deep troll
  2966 | D        | Killed an ogre mage
  2994 | D        | Found Zoyh's Antique Armour Shoppe.
  2998 | D        | Found Fontyuh's Gadget Emporium.
  3001 | D        | Found Bylu Puurgh's Antique Weapon Shoppe.
  3001 | D        | Noticed a deep troll
  3002 | D        | Noticed a deep troll
  3004 | D        | Noticed a stone giant
  3009 | D        | Noticed a deep troll
  3012 | D        | Killed a deep troll
  3019 | D        | Killed a deep troll
  3019 | D        | Reached skill level 15 in Armour
  3019 | D        | Reached skill level 15 in Shields
  3028 | D        | Killed a stone giant
  3035 | D        | Killed a deep troll
  3325 | D        | Bought a lightning rod (4/4) for 440 gold pieces
  3329 | D        | Bought an uncursed amulet of regeneration for 420 gold pieces
  3335 | D        | Bought a runed hand crossbow for 195 gold pieces
  3772 | D        | Noticed Erolcha
  3777 | D        | Paralysed by Erolcha for 6 turns
  3786 | D        | Killed Erolcha
  4032 | D        | Found the +3 crown of Dyrovepreva {rElec Int+2 SInv}
  4140 | D        | Noticed a skeletal warrior
  4140 | D        | Noticed a centaur warrior
  4164 | D        | Killed a skeletal warrior
  4168 | D        | Noticed a deep troll shaman
  4169 | D        | Killed a centaur warrior
  4170 | D        | Noticed a deep troll shaman
  4172 | D        | Noticed an ogre mage
  4175 | D        | Reached XP level 12. HP: 103/125 MP: 12/12
  4178 | D        | Noticed a deep troll earth mage
  4186 | D        | Noticed a stone giant
  4186 | D        | Killed a deep troll shaman
  4431 | D        | Killed a deep troll shaman
  4435 | D        | Killed an ogre mage
  4731 | D        | Killed a deep troll earth mage
  4736 | D        | Noticed a vampire mage
  4821 | D        | Killed a vampire mage
  4853 | D        | Killed a stone giant
  4916 | D        | Noticed an ice dragon
  4938 | D        | Killed an ice dragon
  5049 | D        | Noticed Kirke
  5063 | D        | Killed Kirke
  5089 | D        | Noticed Sonja
  5101 | D        | Killed Sonja
  5124 | D        | Noticed Urug
  5134 | D        | Killed Urug
  5240 | D        | Reached XP level 13. HP: 136/136 MP: 12/14
  5367 | D        | Noticed an entropy weaver
  5379 | D        | Reached skill level 5 in Evocations
  5390 | D        | Killed an entropy weaver
  5679 | D        | Noticed a fire giant
  5679 | D        | Noticed a fire giant
  5684 | D        | Killed a fire giant
  5689 | D        | Noticed a frost giant
  5693 | D        | Killed a fire giant
  5694 | D        | Killed a frost giant
  5696 | D        | Noticed a fire giant
  5697 | D        | Noticed a fire dragon
  5705 | D        | Noticed a fire giant
  5708 | D        | Killed a fire giant
  5953 | D        | Killed a fire dragon
  6021 | D        | Killed a fire giant
  6106 | D        | Noticed a frost giant
  6108 | D        | Noticed a red very ugly thing
  6117 | D        | Killed a frost giant
  6117 | D        | Reached XP level 14. HP: 133/149 MP: 19/19
  6133 | D        | Killed a red very ugly thing
  6172 | D        | Noticed an ironheart preserver
  6173 | D        | Noticed a vault warden
  6404 | D        | Killed an ironheart preserver
  6413 | D        | Killed a vault warden
  6521 | D        | Paralysed by a hornet for 2 turns
  6598 | D        | Reached skill level 10 in Evocations
  6602 | D        | Noticed an Orb Guardian
  6623 | D        | Killed an Orb Guardian
  6763 | D        | Noticed a vault warden
  6788 | D        | Noticed a vault warden
  6788 | D        | Killed a vault warden
  6796 | D        | Killed a vault warden
  6995 | D        | Noticed Jory
  7013 | D        | Killed Jory
  7091 | D        | Noticed Sojobo
  7092 | D        | Noticed a tengu reaver
  7108 | D        | Noticed a tengu reaver
  7148 | D        | Killed Sojobo
  7151 | D        | Killed a tengu reaver
  7163 | D        | Killed a tengu reaver
  7163 | D        | Reached XP level 15. HP: 46/163 MP: 22/22
  7346 | D        | Noticed Donald
  7358 | D        | Killed Donald
  7733 | D        | Noticed Margery
  7756 | D        | Killed Margery
  7756 | D        | Reached skill level 10 in Dodging
  8030 | D        | Noticed Louise
  8042 | D        | Killed Louise
  8106 | D        | Noticed a nagaraja
  8106 | D        | Noticed a nagaraja
  8107 | D        | Noticed a nagaraja
  8110 | D        | Killed a nagaraja
  8112 | D        | Killed a nagaraja
  8113 | D        | Noticed a nagaraja
  8114 | D        | Noticed a nagaraja
  8124 | D        | Noticed a nagaraja
  8126 | D        | Killed a nagaraja
  8127 | D        | Noticed a nagaraja
  8130 | D        | Killed a nagaraja
  8133 | D        | Killed a nagaraja
  8134 | D        | Killed a nagaraja
  8136 | D        | Killed a nagaraja
  8148 | D        | Got a serpentine rune of Zot
  8175 | D        | Noticed Ilsuiw
  8181 | D        | Killed Ilsuiw
  8199 | D        | Got a barnacled rune of Zot
  8237 | D        | Noticed a ghost moth
  8241 | D        | Noticed a ghost moth
  8255 | D        | Killed a ghost moth
  8255 | D        | Killed a ghost moth
  8264 | D        | Reached XP level 16. HP: 179/179 MP: 2/26
  8269 | D        | Reached skill level 15 in Evocations
  8300 | D        | Got a gossamer rune of Zot
  8396 | D        | Reached skill level 27 in Shields
  8760 | D        | Got a decaying rune of Zot
  8916 | D        | Noticed Boris
  8917 | D        | Noticed Mara
  8924 | D        | Noticed equalderp2856's illusion
  8930 | D        | Killed Boris
  8951 | D        | Noticed equalderp2856's illusion
  9244 | D        | Noticed equalderp2856's illusion
  9262 | D        | Killed Mara
  9607 | D        | Reached skill level 27 in Fighting
  9843 | D        | Noticed a quicksilver dragon
  9847 | D        | Reached skill level 27 in Long Blades
  9852 | D        | Killed a quicksilver dragon
  9854 | D        | Noticed a shadow dragon
  9856 | D        | Noticed a shadow dragon
  9863 | D        | Killed a shadow dragon
  9863 | D        | Killed a shadow dragon
  9863 | D        | Reached XP level 17. HP: 151/191 MP: 29/29
  9986 | D        | Noticed an ancient lich
  9992 | D        | Noticed a titan
 10005 | D        | Killed an ancient lich
 10014 | D        | Killed a titan
 10078 | D        | Got a silver rune of Zot
 10096 | D        | Learned a level 1 spell: Magic Dart
 10099 | D        | Learned a level 2 spell: Searing Ray
 10103 | D        | Learned a level 3 spell: Dazzling Spray
 10108 | D        | Learned a level 4 spell: Force Lance
 10113 | D        | Learned a level 4 spell: Fulminant Prism
 10144 | D        | Noticed Nikola
 10145 | D        | Noticed Frederick
 10153 | D        | Killed Nikola
 10164 | D        | Killed Frederick
 10164 | D        | Reached skill level 27 in Armour
 10309 | D        | Got the ring "Hacudwax" {+Fly rPois rF- rN+ MR+ Stlth+}
 10326 | D        | Found the +1 mace of Variability {chaos}
 10329 | D        | Got the ring "Zued" {Str+6 Dex+3}
 10357 | D        | Got the amulet of Fedhas's Pride {RegenMP Fragile rC+ rN+ MP+9}
 10360 | D        | Got the amulet of the Republic {+Rage Str+3}
 10369 | D        | Got the ring of the Rabble {Ice Int+7}
 10391 | D        | Got the +5 great sword of Lumnas {freeze, rC+}
 10419 | D        | Identified a +0 pair of boots of running (You found it in the Dungeon)
 10553 | D        | Noticed Aizul
 10562 | D        | Killed Aizul
 10578 | D        | Noticed Xtahua
 10590 | D        | Killed Xtahua
 10886 | D        | Noticed a golden dragon
 10896 | D        | Killed a golden dragon
 10991 | D        | Noticed a quicksilver dragon
 10991 | D        | Noticed a tentacled monstrosity
 10997 | D        | Killed a quicksilver dragon
 10998 | D        | Reached skill level 27 in Evocations
 11001 | D        | Killed a tentacled monstrosity
 11001 | D        | Reached XP level 18. HP: 177/200 MP: 34/34
 11487 | D        | Reached skill level 15 in Dodging
 11491 | D        | Reached skill level 1 in Spellcasting
 11502 | D        | Reached skill level 5 in Spellcasting
 11770 | D        | Learned a level 4 spell: Iskenderun's Mystic Blast
 12021 | D        | Noticed a tentacled monstrosity
 12041 | D        | Killed a tentacled monstrosity
 12396 | D        | Noticed an Orb Guardian
 12396 | D        | Noticed an Orb Guardian
 12396 | D        | Noticed an Orb Guardian
 12396 | D        | Noticed an Orb Guardian
 12396 | D        | Noticed an Orb Guardian
 12402 | D        | Killed an Orb Guardian
 12412 | D        | Killed an Orb Guardian
 12418 | D        | Killed an Orb Guardian
 12425 | D        | Killed an Orb Guardian
 12427 | D        | Killed an Orb Guardian
 12427 | D        | Reached skill level 5 in Conjurations
 12428 | D        | Noticed an Orb Guardian
 12429 | D        | Noticed an Orb Guardian
 12441 | D        | Killed an Orb Guardian
 12444 | D        | Killed an Orb Guardian
 12453 | D        | Noticed an Orb Guardian
 12454 | D        | Noticed an Orb Guardian
 12472 | D        | Killed an Orb Guardian
 12483 | D        | Killed an Orb Guardian
 12483 | D        | Reached skill level 10 in Spellcasting
 12500 | D        | Noticed a golden dragon
 12500 | D        | Noticed an Orb Guardian
 12500 | D        | Noticed an Orb Guardian
 12505 | D        | Noticed an Orb Guardian
 12509 | D        | Noticed an Orb Guardian
 12511 | D        | Killed an Orb Guardian
 12512 | D        | Killed an Orb Guardian
 12514 | D        | Killed a golden dragon
 12521 | D        | Killed an Orb Guardian
 12527 | D        | Killed an Orb Guardian
 12527 | D        | Reached skill level 10 in Conjurations
 12579 | D        | Noticed an ancient lich
 12586 | D        | Killed an ancient lich
 12586 | D        | Reached XP level 19. HP: 207/207 MP: 35/35
 12589 | D        | Noticed an orb of fire
 13259 | D        | Gained mutation: You occasionally shout uncontrollably at your foes. [an orb of fire]
 13264 | D        | Gained mutation: You are clumsy. (Dex -2) [an orb of fire]
 13265 | D        | Killed an orb of fire
 13307 | D        | Noticed an electric golem
 13330 | D        | Killed an electric golem
 13394 | D        | Noticed an electric golem
 13394 | D        | Noticed an ancient lich
 13397 | D        | Noticed an orb of fire
 13405 | D        | Paralysed by an ancient lich for 7 turns
 13413 | D        | Killed an ancient lich
 13429 | D        | Killed an orb of fire
 13617 | D        | Noticed a golden dragon
 13635 | D        | Killed a golden dragon
 13635 | D        | Reached skill level 27 in Dodging
 13635 | D        | Reached skill level 15 in Spellcasting
 13638 | D        | Killed an electric golem
 13638 | D        | Reached skill level 15 in Conjurations
 13913 | D        | Noticed an orb of fire
 13915 | D        | Gained mutation: Your spells are a little harder to cast, but a little more powerful. [an orb of fire]
 13919 | D        | Lost mutation: Your spells are a little harder to cast, but a little more powerful. [an orb of fire]
 14062 | D        | Killed an orb of fire
 14062 | D        | Reached skill level 1 in Translocations
 14501 | D        | Noticed an ancient lich
 14501 | D        | Noticed a lich
 14501 | D        | Noticed a lich
 14501 | D        | Noticed a lich
 14502 | D        | Noticed an ancient lich
 14533 | D        | Killed an ancient lich
 14533 | D        | Reached skill level 5 in Translocations
 14533 | D        | Reached XP level 20. HP: 56/216 MP: 41/41
 14719 | D        | Killed an ancient lich
 15028 | D        | Got an elven rune of Zot
 15135 | D        | Noticed the Royal Jelly
 15188 | D        | Killed the Royal Jelly
 15377 | D        | Got a slimy rune of Zot
 15534 | D        | Reached skill level 15 in Stealth
 15534 | D        | Reached XP level 21. HP: 85/224 MP: 45/45
 15804 | D        | Reached skill level 15 in Translocations
 16021 | D        | Reached skill level 1 in Hexes
 16606 | D        | Noticed a greater mummy
 16606 | D        | Noticed a greater mummy
 16606 | D        | Noticed a greater mummy
 16607 | D        | Noticed a greater mummy
 16889 | D        | Killed a greater mummy
 16965 | D        | Killed a greater mummy
 17511 | D        | Killed a greater mummy
 17511 | D        | Reached skill level 5 in Hexes
 17860 | D        | Killed a greater mummy
 18177 | D        | Got a golden rune of Zot
 18226 | D        | Got an abyssal rune of Zot
 18403 | D        | Noticed Geryon
 18417 | D        | Killed Geryon
 18423 | D        | Noticed Ereshkigal
 18423 | D        | Noticed Antaeus
 18803 | D        | Slain by Antaeus

Skill      XL: |  1  2  3  4  5  6  7  8  9 10 11 12 13 14 15 16 17 18 19 20 21 |
---------------+----------------------------------------------------------------+-----
Fighting       | 6 8 9 10 11 12 15 17 18 20 23 25 27 | 27.0
Armour         | 6 8 10 11 12 13 16 18 19 20 22 25 27 | 27.0
Shields        | 6 8 10 11 12 14 16 18 22 24 26 27 | 27.0
Long Blades    | 4 5 6 9 10 13 14 16 17 19 20 21 23 27 | 27.0
Dodging        | 1 2 4 6 7 8 9 10 11 14 24 27 | 27.0
Stealth        | 2 4 5 15 20 | 20.1
Evocations     | 1 2 9 11 14 19 27 | 27.0
Spellcasting   | 12 18 21 | 21.8
Conjurations   | 10 18 22 | 22.3
Translocations | 5 13 17 | 17.5
Hexes          | 6 |  6.3
Polearms       | |  0.6
Crossbows      | |  0.5
Throwing       | |  0.4
Unarmed Combat | |  0.2

Action                   |  1- 3 |  4- 6 |  7- 9 | 10-12 | 13-15 | 16-18 | 19-21 || total
-------------------------+-------+-------+-------+-------+-------+-------+-------++-------
Melee: Long sword        |    15 |     9 |       |       |       |       |       ||    24
       Headbutt          |     4 |     9 |    23 |    94 |    90 |   155 |   195 ||   570
       Scimitar          |       |    43 |    82 |   366 |   300 |       |       ||   791
       Double sword      |       |       |       |       |    76 |   512 |   612 ||  1200
 Cast: Force Lance       |       |       |       |       |       |       |     3 ||     3
       Fulminant Prism   |       |       |       |       |       |       |     9 ||     9
Evoke: Wand              |       |       |     2 |       |     5 |       |       ||     7
       Box of beasts     |       |       |       |     1 |       |       |     2 ||     3
       Lightning rod     |       |       |       |     9 |    93 |    98 |    45 ||   245
  Use: Potion            |       |       |     1 |     1 |     7 |       |     6 ||    15
       Scroll            |       |       |       |       |     5 |     8 |     3 ||    16
 Stab: Petrified         |       |       |     5 |       |       |       |       ||     5
       Distracted        |       |       |       |       |       |       |     2 ||     2
       Sleeping          |       |       |       |       |       |       |     1 ||     1
  Eat: Chunk             |       |       |     1 |     6 |     9 |    12 |     7 ||    35
       Ration            |       |       |       |     2 |       |     1 |     3 ||     6
Armor: Scale mail        |     6 |    23 |    21 |    11 |       |       |       ||    61
       Plate armour      |       |       |       |    96 |   135 |   106 |    68 ||   405
       Fire dragon scale |       |       |       |       |       |       |    22 ||    22
Dodge: Dodged            |     1 |     7 |    25 |   111 |   111 |   113 |   161 ||   529
Block: Shield            |     7 |    26 |    32 |   187 |   170 |       |       ||   422
       Large shield      |       |       |       |       |    99 |   450 |   514 ||  1063
       Rpst.: Long sword |     1 |       |       |       |       |       |       ||     1
       Scimitar          |       |     4 |     8 |    24 |    14 |       |       ||    50
       Double sword      |       |       |       |       |     2 |    14 |    22 ||    38
